 Dungeon Crawl Stone Soup version 0.32-a0-868-g153ae1a8d6 (webtiles) character file.

Game seed: 2965743193684904190

877 ezpacito the Trooper (level 8, -8/54 HPs)
             Began as a Coglin Chaos Knight on Mar 28, 2024.
             Was a Plaything of Xom.
             Engulfed by a cloud of poison gas (9 damage)
             ... on level 5 of the Dungeon.
             The game lasted 00:05:12 (3645 turns).

ezpacito the Trooper (Coglin Chaos Knight)          Turns: 3645, Time: 00:05:13

Health: -8/54      AC:  7    Str: 15    XL:     8   Next: 4%
Magic:  10/10      EV: 11    Int: 12    God:    Xom [..*...]
Gold:   68         SH:  0    Dex: 13    Spells: 7/10 levels left

rFire   . . .        r - +5 Lochaber axe {reach-cleave, Poleaxe ^Drain}
rCold   x . .        (shield currently unavailable)
rNeg    . . .        b - +2 leather armour
rPois   .            (helmet restricted)
rElec   .            (no cloak)
rCorr   .            (no gloves)
SInv    +            (no boots)
Will    .....        (amulet unavailable)
Stlth   +            (ring unavailable)
HPRegen 0.29/turn    (ring unavailable)
MPRegen 0.12/turn    (no gizmo)

%: clarity
@: confused, lethally poisoned (-8 -> -28), ambrosia-drunk, weakened, invisible
A: off-hand wielding, slow wielding, warmup strikes, no jewellery, horns 1,
iridescent scales 1, see invisible, clarity, frail 1, screaming 1, cold
vulnerability 1
a: Invent Gizmo, Renounce Religion


You were on level 5 of the Dungeon.
You worshipped Xom.
You were a toy of Xom.
You visited 2 branches of the dungeon, and saw 6 of its levels.

You collected 233 gold pieces.
You spent 165 gold pieces at shops.

Inventory:

Hand Weapons
 a - a +0 hand axe of chaos {Raúl}
 g - a +2 dagger of draining {Fatehjeet}
 r - the +5 Lochaber axe (weapon) {reach-cleave, Poleaxe ^Drain}
   (Xom gifted it to you on level 4 of the Dungeon)

   Poleaxe:   It uses either Axes or Polearms skill, whichever is higher.
   ^Drain:    It drains your maximum health when unequipped.
Missiles
 c - 15 poisoned darts (quivered)
Armour
 b - a +2 leather armour (worn)
 n - a +2 helmet
Magical Staves
 k - a staff of fire
Wands
 f - a wand of paralysis (9)
Scrolls
 d - a scroll of fear {unknown}
 e - 2 scrolls of fog {unknown}
 j - a scroll of noise
 l - a scroll of revelation {unknown}
 m - a scroll of enchant armour {unknown}
 p - a scroll of teleportation {unknown}
 u - a scroll of amnesia {unknown}
 v - a scroll of enchant weapon {unknown}
 B - a scroll of blinking
Potions
 h - a potion of attraction
 i - a potion of enlightenment {unknown}
 q - a potion of curing
 t - a potion of haste {unknown}


   Skills:
 * Level 4.3 Fighting
 * Level 4.3(4.6) Axes
 + Level 1.9(3.2) Polearms
 * Level 3.6 Armour
 * Level 3.1 Dodging
 + Level 1.7 Stealth
 + Level 1.7 Spellcasting
 + Level 1.5 Necromancy
 + Level 1.5 Translocations
 + Level 1.4 Alchemy
 + Level 2.2 Evocations


You had 7 spell levels left.
You knew the following spells:

 Your Spells              Type           Power      Damage    Failure   Level
a - Cigotuvi's Dreadful   Necr/Alch/Air  6%         N/A       34%         2
g - Apportation           Tloc           8%         N/A       19%         1

Your spell library contained the following spells:

 Spells                   Type           Power      Damage    Failure   Level
 Mercury Vapours          Alch/Air       4%         N/A       36%         2
 Jinxbite                 Hex            2%         N/A       45%         2
 Mephitic Cloud           Conj/Alch/Air  2%         N/A       63%         3
 Sigil of Binding         Hex            1%         N/A       71%         3
 Ignite Poison            Fire/Alch      2%         N/A       94%         4
 Alistair's Intoxication  Alch           2%         N/A       99%         5
 Freezing Cloud           Conj/Ice/Air   0%         6-21      100%        5
 Death Channel            Necr           2%         N/A       100%        6
 Sculpt Simulacrum        Ice/Alch       1%         N/A       100%        6


Dungeon Overview and Level Annotations

Branches:
Dungeon (5/15)             Temple (1/1) D:4

Altars:
Ashenzari
Cheibriados
Dithmenos
Elyvilon
Fedhas
Gozag
Hepliaklqana
Kikubaaqudgha
Makhleb
Nemelex Xobeh
Okawaru
Qazlal
Sif Muna
Trog
Uskayaw
Vehumet
Wu Jian
Xom
Yredelemnul
Zin
The Shining One

Shops:
D:3 [   D:4 *[


Innate Abilities, Weirdness & Mutations

You can wield a second weapon in your off-hand.
It takes a long time for you to wield or remove held weapons.
Your first few attacks do less damage.
You cannot equip rings or amulets.
You have a pair of small horns on your head.
You are partially covered in iridescent scales. (AC +2)
You have supernaturally acute eyesight. (SInv)
You possess an exceptional clarity of mind.
You are frail. (-10% HP)
You occasionally shout uncontrollably at your foes.
You are vulnerable to cold. (rC-)


Message History

The air fills with toxic fumes!
As you read the scroll of poison, it crumbles to dust.
The gnoll closely misses you. x2; The centaur shoots an arrow.
The arrow hits you!
You take 8 damage, and have 33/54 hp.
The air fills with toxic fumes!
As you read the scroll of poison, it crumbles to dust.
The gnoll hits you with a +0 spear. The gnoll hits you with a +0 halberd!
The centaur shoots an arrow.
The arrow hits you!
* * * LOW HITPOINT WARNING * * *
You take 20 damage, and have 13/54 hp.
MASSIVE DAMAGE!!
Blink to where?
Press: ? - help, Dir - move target You can't see that place. [Stash: a robe] [the floor.]
Okay, then.
You are confused.
You feel invigorated. The gnoll hits you with a +0 spear.
* * * LOW HITPOINT WARNING * * *
The gnoll misses you.
The gnoll bouda gazes fiercely through you!
You feel your attacks grow feeble.
The centaur shoots an arrow.
The arrow hits you.
* * * LOW HITPOINT WARNING * * *
You take 5 damage, and have 8/54 hp.
You are too confused!
You are too confused!
It was a potion of invisibility.
You fade into invisibility!
Xom roars with laughter!
The centaur shoots an arrow.
The arrow hits you!
* * * LOW HITPOINT WARNING * * *
The gnoll barely misses you. The gnoll hits you with a +0 halberd.
* * * LOW HITPOINT WARNING * * *
You take 7 damage, and have 1/54 hp.
You are engulfed in poison gas.
You are lethally poisoned!
You die...
Xom roars with laughter!

#.... #.... #...
#§§h..#..s..#...
#§c#..#.h#..#..#
#§§#..#..#..#..#
#§§#.....#.....#
#§§#.....#.....#
#§§################
#§@§§§§§§...†......
#.§§§§§§§.[........
#gg################
#gY#.).(.#.O...#...
#§s#.....#.....#...
#g§#.o#..#..#..#..#
#g§#..#S.#..#..#..#
#§§§..#..s..#..l..#
#§§§


You could see an ice beast (unable to see you), a centaur (unable to see you), a
gnoll bouda (unable to see you), 2 scorpions, a hound, an orc wizard (wandering,
unable to see you), 4 gnolls and an adder (unable to see you).

Vanquished Creatures
  A black bear (D:5)
  An ogre (D:4)
  A centaur (D:4)
  A phantom (D:5)
  A scorpion (D:4)
  A howler monkey (D:2)
  A bombardier beetle (D:5)
  2 hounds
  4 orc wizards (D:4)
  An iguana (D:4)
  A sleepcap (D:5)
  Natasha (thrice) (D:4)
  4 adders
  A shadow imp (D:5)
  A dart slug (D:4)
  A ribbon worm (D:2)
  5 orcs
  12 ball pythons
  6 endoplasms
  2 giant cockroaches (D:3)
  5 goblins
  5 hobgoblins
  5 jackals
  A quokka (D:1)
  5 bats
  4 frilled lizards
  8 kobolds
  5 rats
88 creatures vanquished.

Vanquished Creatures (collateral kills)
  A hound (D:4)
1 creature vanquished.

Grand Total: 89 creatures vanquished

Notes
Turn   | Place    | Note
-------+----------+-------------------------------------------
     0 | D:1      | ezpacito the Coglin Chaos Knight began the quest for the
                  | Orb.
     0 | D:1      | Reached XP level 1. HP: 18/18 MP: 1/1
    35 | D:1      | Reached skill level 1 in Dodging
   104 | D:1      | XOM: potion effect (invisibility)
   108 | D:1      | Reached XP level 2. HP: 22/24 MP: 2/2
   344 | D:1      | XOM: confusion
   845 | D:2      | XOM: give mutations
   845 | D:2      | Gained mutation: You expend magic power (3 MP) to
                  | strengthen your wands. [Xom's mischief]
   845 | D:2      | Gained mutation: You are frail. (-10% HP) [Xom's mischief]
   845 | D:2      | Gained mutation: Your magical capacity is low. (-10% MP)
                  | [Xom's mischief]
   845 | D:2      | Gained mutation: You occasionally shout uncontrollably at
                  | your foes. [Xom's mischief]
   867 | D:2      | Noticed a howler monkey
   874 | D:2      | Killed a howler monkey
   875 | D:2      | Reached XP level 3. HP: 26/26 MP: 3/3
   875 | D:2      | Reached XP level 4. HP: 31/31 MP: 4/4
   924 | D:2      | XOM: summons 3 hostile demons
   934 | D:2      | Lost mutation: You occasionally shout uncontrollably at
                  | your foes. [potion of mutation]
   934 | D:2      | Lost mutation: You expend magic power (3 MP) to strengthen
                  | your wands. [potion of mutation]
   934 | D:2      | Lost mutation: You are frail. (-10% HP) [potion of
                  | mutation]
   934 | D:2      | Gained mutation: You are partially covered in iridescent
                  | scales. (AC +2) [potion of mutation]
   934 | D:2      | Gained mutation: You have a pair of small horns on your
                  | head. [potion of mutation]
   934 | D:2      | Gained mutation: You passively map a small area around you.
                  | [potion of mutation]
  1180 | D:2      | XOM: give mutations
  1180 | D:2      | Lost mutation: Your magical capacity is low. (-10% MP)
                  | [Xom's mischief]
  1180 | D:2      | Gained mutation: You are vulnerable to cold. (rC-) [Xom's
                  | mischief]
  1180 | D:2      | Gained mutation: You are frail. (-10% HP) [Xom's mischief]
  1271 | D:2      | XOM: summons 4 hostile shadow creatures
  1449 | D:2      | Found an iron altar of Okawaru.
  1509 | D:2      | Learned a level 1 spell: Apportation
  1512 | D:2      | Learned a level 2 spell: Cigotuvi's Dreadful Rot
  1861 | D:3      | Found Ytuhewiahys's Antique Armour Emporium.
  1974 | D:3      | Reached skill level 1 in Polearms
  2021 | D:3      | Reached XP level 5. HP: 36/36 MP: 6/6
  2453 | D:4      | Reached skill level 1 in Spellcasting
  2453 | D:4      | Reached skill level 1 in Evocations
  2555 | D:4      | Noticed a centaur
  2561 | D:4      | Noticed Natasha
  2567 | D:4      | Killed a centaur
  2568 | D:4      | Reached XP level 6. HP: 30/43 MP: 7/7
  2569 | D:4      | XOM: summons 2 hostile demons
  2573 | D:4      | XOM: enchant monster (bad)
  2578 | D:4      | Reached skill level 1 in Stealth
  2578 | D:4      | XOM: noise
  2582 | D:4      | Killed Natasha
  2658 | D:4      | Reached skill level 1 in Translocations
  2661 | D:4      | Reached skill level 1 in Necromancy
  2744 | D:4      | XOM: summons 2 hostile demons
  2745 | D:4      | Noticed a ynoxinul
  2842 | D:4      | XOM: give mutations
  2842 | D:4      | Gained mutation: You have supernaturally acute eyesight.
                  | (SInv) [Xom's mischief]
  2842 | D:4      | Lost mutation: You passively map a small area around you.
                  | [Xom's mischief]
  2842 | D:4      | Gained mutation: You occasionally shout uncontrollably at
                  | your foes. [Xom's mischief]
  2842 | D:4      | Gained mutation: You possess an exceptional clarity of
                  | mind. [Xom's mischief]
  2914 | D:4      | Found a staircase to the Ecumenical Temple.
  2963 | Temple   | Entered the Ecumenical Temple
  2996 | D:4      | Found Rarheur's Antique Armour Shop.
  3018 | D:4      | Reached XP level 7. HP: 47/47 MP: 8/8
  3059 | D:4      | Noticed Natasha
  3065 | D:4      | Killed Natasha
  3066 | D:4      | Reached skill level 1 in Alchemy
  3083 | D:4      | Noticed Natasha
  3086 | D:4      | XOM: fog
  3091 | D:4      | Killed Natasha
  3091 | D:4      | XOM: god gift: +5 Lochaber axe {reach-cleave, Poleaxe
                  | ^Drain}
  3092 | D:4      | Found the +5 Lochaber axe {reach-cleave, Poleaxe ^Drain}
  3126 | D:4      | XOM: 2-stop teleportation journey
  3221 | D:4      | XOM: silly message
  3252 | D:4      | Found Epac's Assorted Antiques.
  3256 | D:4      | Bought a scroll labelled QOILEA NIEBER for 28 gold pieces
  3256 | D:4      | Bought a scroll labelled TUMUZX RIACI for 28 gold pieces
  3256 | D:4      | Bought a scroll labelled KELALIFOJE for 28 gold pieces
  3256 | D:4      | Bought a scroll of identify for 56 gold pieces
  3256 | D:4      | Bought a sapphire potion for 25 gold pieces
  3349 | D:5      | Entered Level 5 of the Dungeon
  3459 | D:5      | XOM: god gift: 51 gold pieces
  3583 | D:5      | Reached XP level 8. HP: 41/54 MP: 10/10
  3644 | D:5      | HP: 1/54 [gnoll/+0 halberd[a gnoll bouda] (3)]
  3645 | D:5      | Engulfed by a cloud of poison gas

Illustrated notes

Levels and vault maps discovered:
D:1:      ncdulo_smallfort, layout_basic
D:2:      layout_loops_ring, basic_altar, chequers_arboretum,
          serial_bayou_pond_a, minmay_diced_spiral
D:3:      layout_basic, serial_shops, nicolae_shop_waterfront,
          kennysheep_generic_room_13
D:4:      layout_basic, minmay_temple_entry_poolview, serial_shops, shop,
          nicolae_shop_hallway_stairs, minmay_a_box_with_orc_wizards_in_it,
          uniq_natasha
D:5:      kennysheep_windowed_halls, layout_loops_ring, nicolae_ru_path_of_blood
Temple:   grunt_wide_crystal_templ

Skill      XL: |  1  2  3  4  5  6  7 |
---------------+----------------------+-----
Dodging        | 1 2 3 |  3.1
Armour         | 2 3 |  3.6
Polearms       | 1 |  1.9
Spellcasting   | 1 |  1.7
Evocations     | 1 2 |  2.2
Stealth        | 1 |  1.7
Translocations | 1 |  1.5
Necromancy     | 1 |  1.5
Fighting       | 4 |  4.3
Axes           | 4 |  4.3
Alchemy        | 1 |  1.4

Action                     |  1- 3 |  4- 6 |  7- 9 || total
---------------------------+-------+-------+-------++-------
  Melee: Hand axe          |    42 |   109 |    16 ||   167
         Dagger            |    36 |   106 |    17 ||   159
         Headbutt          |       |    18 |     7 ||    25
         Lochaber axe      |       |       |    24 ||    24
    Use: Potion            |       |     6 |     2 ||     8
         Scroll            |       |     8 |     3 ||    11
   Stab: Distracted        |       |     1 |       ||     1
         Sleeping          |       |     1 |     1 ||     2
 Armour: Leather armour    |    44 |   108 |    40 ||   192
  Dodge: Dodged            |    45 |    92 |    41 ||   178

Table legend: (Time is in decaauts)
 A = Elapsed time spent in this place.
 B = Non-inter-level travel time spent in this place.
 C = Inter-level travel time spent in this place.
 D = Time resting spent in this place.
 E = Time spent auto-exploring this place.
 F = Levels seen in this place.
 G = Mean time per level.
                   A        B        C        D        E       F      G
               +--------+--------+--------+--------+--------+-----+--------+
         Total |   3675 |   3558 |    117 |     67 |   2750 |   6 |  612.5 |
       Dungeon |   3674 |   3558 |    116 |     67 |   2750 |   5 |  734.8 |
        Temple |      1 |      1 |      0 |      0 |      0 |   1 |    1.0 |
               +--------+--------+--------+--------+--------+-----+--------+

Top non-repeatable levels by time:
     D:4: 929 daAuts
     D:3: 884 daAuts
     D:1: 841 daAuts
     D:2: 709 daAuts
     D:5: 309 daAuts
  Temple: 1 daAuts
